 Dungeon Crawl Stone Soup version 0.22-a0-40-g3d2f077 (webtiles) character file.

3531 tidbits the Reanimator (level 10, -3/73 HPs)
             Began as a Gnoll Necromancer on Jan 4, 2018.
             Was a Believer of Cheibriados.
             Slain by a troll (13 damage)
             ... on level 10 of the Dungeon.
             The game lasted 00:18:16 (1990 turns).

tidbits the Reanimator (Gnoll Necromancer)          Turns: 1990, Time: 00:18:17

Health: -3/73      AC:  3    Str: 16    XL:     10   Next: 8%
Magic:  9/20       EV: 18    Int: 33    God:    Cheibriados [**....]
Gold:   545        SH:  0    Dex: 24    Spells: 5/23 levels left

rFire    . . .     SeeInvis .   F - +2 glaive of Ruination {chop, *Contam +Blink Dex+3}
rCold    . . .     Gourm    .   (shield currently unavailable)
rNeg     . . .     Faith    .   B - +0 robe
rPois    .         Spirit   .   (no helmet)
rElec    .         Reflect  .   (no cloak)
rCorr    .         Harm     .   G - +0 pair of gloves
MR       .....                  (no boots)
Stlth    ++++......             R - amulet of regeneration
HPRegen  1.62/turn              S - +5 ring of intelligence
MPRegen  0.17/turn              (no ring)

@: regenerating, very slow
A: distributed training, fangs 1, strong nose
a: Bend Time, Renounce Religion, Evoke Blink


You were on level 10 of the Dungeon.
You worshipped Cheibriados.
Cheibriados was pleased with you.
You were not hungry.

You visited 2 branches of the dungeon, and saw 11 of its levels.
You also visited: Ossuary.

You collected 545 gold pieces.

Inventory:

Hand Weapons
 a - a +0 short sword
 d - a +0 dagger
 e - a +0 hunting sling
 f - a +0 club
 g - a +0 blowgun
 D - a +0 war axe
 F - the +2 glaive of Ruination (weapon) {chop, *Contam +Blink Dex+3}
   (You found it on level 6 of the Dungeon)

   It inflicts extra damage upon your enemies.
   It affects your dexterity (+3).
   It lets you blink.
   It causes magical contamination when unequipped.
 H - a +0 shortbow
Missiles
 j - 7 poisoned needles
 v - 6 tomahawks (quivered)
 A - 43 bolts
 C - 2 throwing nets {!f}
 I - 19 arrows
Armour
 o - a -2 robe
 s - a +0 ring mail
 B - a +0 robe (worn)
 G - a +0 pair of gloves (worn)
Jewellery
 q - an uncursed ring of ice
   (You found it on level 2 of the Dungeon)
 R - an amulet of regeneration (around neck)
   (You found it on level 2 of the Dungeon)
 S - a +5 ring of intelligence (left hand)
   (You found it on level 8 of the Dungeon)
Wands
 p - a wand of paralysis (3)
 y - a wand of flame (24)
 N - a wand of iceblast (12)
Scrolls
 i - a scroll of random uselessness {unknown}
 l - 5 scrolls of teleportation
 r - 7 scrolls of remove curse
 t - a scroll of enchant armour
 u - a scroll of immolation
 E - a scroll of torment {unknown}
 J - 3 scrolls of enchant weapon {unknown}
 M - a scroll of blinking {unknown}
Potions
 h - a potion of haste {unknown}
 k - 2 potions of agility {unknown}
 m - 2 potions of might
 n - a potion of magic
 x - 2 potions of curing
 z - 4 potions of brilliance
 K - 2 potions of flight {unknown}
 L - a potion of ambrosia {unknown}
 O - a potion of invisibility {unknown}
 P - a potion of cancellation {unknown}
 Q - 2 potions of lignification
Books
 b - a book of Necromancy

   Spells                             Type                      Level
   a - Pain                           Necromancy                   1
   b - Animate Skeleton               Necromancy                   1
   c - Vampiric Draining              Necromancy                   3
   d - Regeneration                   Charms/Necromancy            3
   e - Animate Dead                   Necromancy                   4
   f - Borgnjor's Vile Clutch         Necromancy/Earth             5
 w - a book of Minor Magic
   (You found it on level 5 of the Dungeon)

   Spells                             Type                      Level
   a - Magic Dart                     Conjuration                  1
   b - Blink                          Translocation                2
   c - Call Imp                       Summoning                    2
   d - Slow                           Hexes                        2
   e - Conjure Flame                  Conjuration/Fire             3
   f - Mephitic Cloud                 Conjuration/Poison/Air       3
Comestibles
 c - 13 rations


   Skills:
 + Level 4.8 Fighting
 + Level 4.8 Short Blades
 + Level 4.8 Long Blades
 + Level 4.8 Axes
 + Level 4.8 Maces & Flails
 + Level 4.8 Polearms
 + Level 4.8 Staves
 + Level 4.8 Slings
 + Level 4.8 Bows
 + Level 4.8 Crossbows
 + Level 4.8 Throwing
 + Level 4.8 Armour
 + Level 6.7 Dodging
 + Level 6.5 Stealth
 + Level 4.8 Shields
 + Level 4.8 Unarmed Combat
 + Level 7.0 Spellcasting
 + Level 4.0 Conjurations
 + Level 4.0 Hexes
 + Level 4.0 Charms
 + Level 4.0 Summonings
 + Level 8.2 Necromancy
 + Level 4.0 Translocations
 + Level 4.0 Transmutations
 + Level 4.0 Fire Magic
 + Level 4.0 Ice Magic
 + Level 4.0 Air Magic
 + Level 4.0 Earth Magic
 + Level 4.0 Poison Magic
 + Level 5.3 Invocations
 + Level 4.8 Evocations


You had 5 spell levels left.
You knew the following spells:

 Your Spells              Type           Power        Failure   Level  Hunger
a - Pain                  Necr           ####         1%          1    None
b - Blink                 Tloc           N/A          1%          2    None
c - Conjure Flame         Conj/Fire      #####...     2%          3    None
d - Vampiric Draining     Necr           ######....   1%          3    None
n - Animate Skeleton      Necr           N/A          1%          1    None
r - Regeneration          Chrm/Necr      ######....   1%          3    None
v - Borgnjor's Vile Clut  Necr/Erth      ######....   9%          5    ####...


Dungeon Overview and Level Annotations

Branches:
Dungeon (10/15)            Temple (1/1) D:5
   Lair: D:8-11         Orc: D:9-12

Altars:
Ashenzari
Cheibriados
Dithmenos
Elyvilon
Fedhas
Gozag
Hepliaklqana
Kikubaaqudgha
Makhleb
Nemelex Xobeh
Okawaru
Qazlal
Ru
Sif Muna
Trog
Uskayaw
Vehumet
Wu Jian
Xom
Yredelemnul
Zin
The Shining One

Shops:
D:5 :


Innate Abilities, Weirdness & Mutations

Your experience applies equally to all skills.
You have very sharp teeth.
Your uncanny sense of smell can sniff out nearby items.


Message History

The centaur warrior skeleton is moderately damaged.
The centaur warrior skeleton closely misses you.
You hit the centaur warrior skeleton.
The centaur warrior skeleton is moderately damaged.
The centaur warrior skeleton hits you but does no damage.
The centaur warrior skeleton barely misses you.
You slash the centaur warrior skeleton!
The centaur warrior skeleton is heavily damaged.
The centaur warrior skeleton completely misses you.
The centaur warrior skeleton closely misses you.
You hit the centaur warrior skeleton but do no damage.
The centaur warrior skeleton is heavily damaged.
The centaur warrior skeleton completely misses you.
The centaur warrior skeleton hits you!
You hit the centaur warrior skeleton.
The centaur warrior skeleton is heavily damaged.
The centaur warrior skeleton hits you.
The centaur warrior skeleton completely misses you.
You barely miss the centaur warrior skeleton.
The centaur warrior skeleton is heavily damaged.
The centaur warrior skeleton completely misses you.
The centaur warrior skeleton hits you.
Casting: Borgnjor's Vile Clutch
Confirm with . or Enter, or press ? or * to list all spells.
Aiming: Borgnjor's Vile Clutch
Press: ? - help, Dir - move target cursor, f/p - centaur warrior skeleton
Aim: a centaur warrior skeleton (heavily damaged) Decaying hands burst forth from the earth!
Zombie hands grab the centaur warrior skeleton.
The zombie hands constrict the centaur warrior skeleton!
The centaur warrior skeleton hits you.
The centaur warrior skeleton hits you but does no damage.
Unknown command.
You hit the centaur warrior skeleton but do no damage.
The centaur warrior skeleton is severely damaged.
The zombie hands constrict the centaur warrior skeleton!
The centaur warrior skeleton hits you.
You slice the centaur warrior skeleton!!
You destroy the centaur warrior skeleton!
Cheibriados thoroughly appreciates the change of pace.
Your Spellcasting skill increases to level 7!
Your Conjurations skill increases to level 4!
Your Hexes skill increases to level 4!
Your Charms skill increases to level 4!
Your Summonings skill increases to level 4!
Your Translocations skill increases to level 4!
Your Transmutations skill increases to level 4!
Your Fire Magic skill increases to level 4!
Your Ice Magic skill increases to level 4!
Your Air Magic skill increases to level 4!
Your Earth Magic skill increases to level 4!
Your Poison Magic skill increases to level 4!
You have reached level 10!
There is a stone staircase leading up here.
A - 43 bolts (gained 19)
There are no items here.
The troll shouts!
The troll bites you! The troll claws you. The troll claws you!
* * * LOW HITPOINT WARNING * * *
A bullfrog comes into view.
Casting: Borgnjor's Vile Clutch
Confirm with . or Enter, or press ? or * to list all spells.
Your skin crawls.
The bullfrog gives a loud, deep croak!
The troll bites you!
* * * LOW HITPOINT WARNING * * *
The troll barely misses you. The troll misses you.
A shadow imp comes into view.
Casting: Regeneration
Confirm with . or Enter, or press ? or * to list all spells.
Aiming: Borgnjor's Vile Clutch
Press: ? - help, Dir - move target cursor, f - troll
Aim: a troll
Okay, then.
You barely miss the troll. The troll closely misses you.
The troll barely misses you. x2
Unknown command.
Casting: Borgnjor's Vile Clutch
Confirm with . or Enter, or press ? or * to list all spells.
Aiming: Borgnjor's Vile Clutch
Press: ? - help, Dir - move target cursor, f - bullfrog
Aim: a bullfrog Decaying hands burst forth from the earth!
Zombie hands grab the bullfrog.
Zombie hands grab the troll.
The shadow imp shouts, "Flee, thou fobbing beef-witted pissant!"
The zombie hands constrict the bullfrog!
The zombie hands constrict the troll!
The bullfrog closely misses you. The troll bites you.
* * * LOW HITPOINT WARNING * * *
The troll closely misses you. The troll claws you!
* * * LOW HITPOINT WARNING * * *
The bullfrog closely misses you.
Unknown command.
You feel better.
The zombie hands constrict the bullfrog!
You kill the bullfrog!
Cheibriados thoroughly appreciates the change of pace.
Cheibriados raises the support of your attributes as your movement slows.
The zombie hands constrict the troll!
The troll barely misses you. The troll claws you!
You die...

∆ ### ######.. .
#...... ####...
#.....####..[5.#
#........@T#
#..#....#####.#..
# ####[<†.......
#######.#..


You could see a troll and a shadow imp.

Vanquished Creatures
  A centaur skeleton (D:10)
  2 hippogriffs
  Menkaure (D:5)
  Duvessa (D:5)
  3 water moccasins
  2 ice beasts (D:6)
  2 sky beasts
  2 centaurs (D:7)
  2 phantoms
  3 ogres
  4 bullfrogs
  Dowan (D:5)
  4 scorpions
  3 killer bees (D:7)
  A howler monkey (D:6)
  2 crimson imps
  A bullfrog zombie (D:5)
  A bullfrog skeleton (D:5)
  A human zombie (D:7)
  A jelly (D:6)
  2 orc priests (D:6)
  2 orc wizards
  A centaur zombie (D:6)
  Jessica (D:2)
  2 iguanas
  Ijyb (D:5)
  2 worker ants (D:5)
  A big kobold zombie (Ossuary)
  8 mummies (Ossuary)
  A hound skeleton (D:5)
  6 adders
  A howler monkey skeleton (D:8)
  2 shadow imps
  An ooze (D:2)
  7 orcs
  5 giant cockroaches
  A gnoll zombie (Ossuary)
  2 goblins (D:2)
  A hobgoblin (D:1)
  2 quokkas
  3 ball pythons
  2 bats
  3 hobgoblin zombies (Ossuary)
  2 kobolds
  3 orc zombies (Ossuary)
  A rat (D:2)
101 creatures vanquished.

Vanquished Creatures (collateral kills)
  A howler monkey (D:6)
  An orc skeleton (D:7)
2 creatures vanquished.

Grand Total: 103 creatures vanquished

Notes
Turn   | Place    | Note
-------+----------+-------------------------------------------
     0 | D:1      | tidbits the Gnoll Necromancer began the quest for the Orb.
     0 | D:1      | Reached XP level 1. HP: 13/13 MP: 6/6
   190 | D:2      | Noticed Jessica
   192 | D:2      | Reached XP level 2. HP: 20/20 MP: 7/7
   196 | D:2      | Killed Jessica
   196 | D:2      | Reached skill level 5 in Spellcasting
   196 | D:2      | Reached skill level 1 in Invocations
   196 | D:2      | Reached XP level 3. HP: 25/25 MP: 7/9
   351 | D:3      | Reached skill level 1 in Fighting
   351 | D:3      | Reached skill level 1 in Short Blades
   351 | D:3      | Reached skill level 1 in Long Blades
   351 | D:3      | Reached skill level 1 in Axes
   351 | D:3      | Reached skill level 1 in Maces & Flails
   351 | D:3      | Reached skill level 1 in Polearms
   351 | D:3      | Reached skill level 1 in Staves
   351 | D:3      | Reached skill level 1 in Slings
   351 | D:3      | Reached skill level 1 in Bows
   351 | D:3      | Reached skill level 1 in Crossbows
   351 | D:3      | Reached skill level 1 in Throwing
   351 | D:3      | Reached skill level 1 in Armour
   351 | D:3      | Reached skill level 1 in Shields
   351 | D:3      | Reached skill level 1 in Unarmed Combat
   351 | D:3      | Reached skill level 1 in Evocations
   357 | D:3      | Reached XP level 4. HP: 19/32 MP: 6/11
   441 | D:3      | Learned a level 1 spell: Animate Skeleton
   445 | D:3      | Learned a level 3 spell: Vampiric Draining
   449 | D:3      | Learned a level 3 spell: Regeneration
   469 | D:4      | Reached skill level 1 in Conjurations
   469 | D:4      | Reached skill level 1 in Hexes
   469 | D:4      | Reached skill level 1 in Charms
   469 | D:4      | Reached skill level 1 in Summonings
   469 | D:4      | Reached skill level 1 in Translocations
   469 | D:4      | Reached skill level 1 in Transmutations
   469 | D:4      | Reached skill level 1 in Fire Magic
   469 | D:4      | Reached skill level 1 in Ice Magic
   469 | D:4      | Reached skill level 1 in Air Magic
   469 | D:4      | Reached skill level 1 in Earth Magic
   469 | D:4      | Reached skill level 1 in Poison Magic
   469 | D:4      | Reached XP level 5. HP: 14/37 MP: 2/12
   557 | D:5      | Entered Level 5 of the Dungeon
   568 | D:5      | Found a staircase to the Ecumenical Temple.
   578 | Temple   | Entered the Ecumenical Temple
   608 | Temple   | Became a worshipper of Cheibriados the Contemplative
   651 | D:5      | Noticed Ijyb
   659 | D:5      | Killed Ijyb
   691 | D:5      | Reached XP level 6. HP: 44/44 MP: 13/13
   700 | D:5      | Reached skill level 2 in Invocations
   711 | D:5      | Noticed a sky beast
   711 | D:5      | Noticed a phantom
   719 | D:5      | Killed a sky beast
   719 | D:5      | Reached skill level 2 in Fighting
   719 | D:5      | Reached skill level 2 in Short Blades
   719 | D:5      | Reached skill level 2 in Long Blades
   719 | D:5      | Reached skill level 2 in Axes
   719 | D:5      | Reached skill level 2 in Maces & Flails
   719 | D:5      | Reached skill level 2 in Polearms
   719 | D:5      | Reached skill level 2 in Staves
   719 | D:5      | Reached skill level 2 in Slings
   719 | D:5      | Reached skill level 2 in Bows
   719 | D:5      | Reached skill level 2 in Crossbows
   719 | D:5      | Reached skill level 2 in Throwing
   719 | D:5      | Reached skill level 2 in Armour
   719 | D:5      | Reached skill level 5 in Dodging
   719 | D:5      | Reached skill level 2 in Shields
   719 | D:5      | Reached skill level 2 in Unarmed Combat
   719 | D:5      | Reached skill level 2 in Evocations
   733 | D:5      | Killed a phantom
   733 | D:5      | Reached XP level 7. HP: 36/50 MP: 15/15
   798 | D:5      | Found Ufuheff's Book Shop.
   823 | D:5      | Noticed Menkaure
   830 | D:5      | Killed Menkaure
   830 | D:5      | Reached skill level 2 in Conjurations
   830 | D:5      | Reached skill level 2 in Hexes
   830 | D:5      | Reached skill level 2 in Charms
   830 | D:5      | Reached skill level 2 in Summonings
   830 | D:5      | Reached skill level 2 in Translocations
   830 | D:5      | Reached skill level 2 in Transmutations
   830 | D:5      | Reached skill level 2 in Fire Magic
   830 | D:5      | Reached skill level 2 in Ice Magic
   830 | D:5      | Reached skill level 2 in Air Magic
   830 | D:5      | Reached skill level 2 in Earth Magic
   830 | D:5      | Reached skill level 2 in Poison Magic
   853 | D:5      | Learned a level 5 spell: Borgnjor's Vile Clutch
   880 | D:4      | Reached skill level 5 in Stealth
   880 | D:4      | Reached skill level 3 in Invocations
  1017 | D:5      | Noticed Dowan
  1039 | D:5      | Reached XP level 8. HP: 55/57 MP: 9/16
  1043 | D:5      | Noticed Duvessa
  1053 | D:5      | Killed Duvessa
  1057 | D:5      | Killed Dowan
  1057 | D:5      | Reached skill level 3 in Fighting
  1057 | D:5      | Reached skill level 3 in Short Blades
  1057 | D:5      | Reached skill level 3 in Long Blades
  1057 | D:5      | Reached skill level 3 in Axes
  1057 | D:5      | Reached skill level 3 in Maces & Flails
  1057 | D:5      | Reached skill level 3 in Polearms
  1057 | D:5      | Reached skill level 3 in Staves
  1057 | D:5      | Reached skill level 3 in Slings
  1057 | D:5      | Reached skill level 3 in Bows
  1057 | D:5      | Reached skill level 3 in Crossbows
  1057 | D:5      | Reached skill level 3 in Throwing
  1057 | D:5      | Reached skill level 3 in Armour
  1057 | D:5      | Reached skill level 3 in Shields
  1057 | D:5      | Reached skill level 3 in Unarmed Combat
  1057 | D:5      | Reached skill level 3 in Evocations
  1174 | D:6      | Reached skill level 6 in Spellcasting
  1180 | D:6      | Noticed a hand axe
  1181 | D:6      | Noticed a dagger
  1184 | D:6      | Found a hide-covered altar of Uskayaw.
  1195 | D:6      | Reached * piety under Cheibriados
  1263 | D:6      | Reached skill level 4 in Invocations
  1265 | D:6      | Reached skill level 3 in Conjurations
  1265 | D:6      | Reached skill level 3 in Hexes
  1265 | D:6      | Reached skill level 3 in Charms
  1265 | D:6      | Reached skill level 3 in Summonings
  1265 | D:6      | Reached skill level 3 in Translocations
  1265 | D:6      | Reached skill level 3 in Transmutations
  1265 | D:6      | Reached skill level 3 in Fire Magic
  1265 | D:6      | Reached skill level 3 in Ice Magic
  1265 | D:6      | Reached skill level 3 in Air Magic
  1265 | D:6      | Reached skill level 3 in Earth Magic
  1265 | D:6      | Reached skill level 3 in Poison Magic
  1265 | D:6      | Reached XP level 9. HP: 65/65 MP: 5/18
  1282 | D:6      | Reached skill level 6 in Dodging
  1329 | D:6      | Got a fine glaive
  1330 | D:6      | Identified the +2 glaive of Ruination {chop, *Contam +Blink Dex+3} (You found it on level 6 of the Dungeon)
  1362 | D:7      | Found a burning altar of Makhleb.
  1444 | D:7      | Reached skill level 4 in Fighting
  1444 | D:7      | Reached skill level 4 in Short Blades
  1444 | D:7      | Reached skill level 4 in Long Blades
  1444 | D:7      | Reached skill level 4 in Axes
  1444 | D:7      | Reached skill level 4 in Maces & Flails
  1444 | D:7      | Reached skill level 4 in Polearms
  1444 | D:7      | Reached skill level 4 in Staves
  1444 | D:7      | Reached skill level 4 in Slings
  1444 | D:7      | Reached skill level 4 in Bows
  1444 | D:7      | Reached skill level 4 in Crossbows
  1444 | D:7      | Reached skill level 4 in Throwing
  1444 | D:7      | Reached skill level 4 in Armour
  1444 | D:7      | Reached skill level 4 in Shields
  1444 | D:7      | Reached skill level 4 in Unarmed Combat
  1444 | D:7      | Reached skill level 4 in Evocations
  1472 | D:7      | Reached skill level 6 in Stealth
  1472 | D:7      | Reached skill level 8 in Necromancy
  1539 | D:7      | Learned a level 3 spell: Conjure Flame
  1542 | D:7      | Learned a level 2 spell: Blink
  1568 | D:7      | Reached ** piety under Cheibriados
  1609 | D:7      | Found a sand-covered staircase.
  1617 | Ossuary  | Entered an ossuary
  1824 | D:8      | Reached skill level 5 in Invocations
  1841 | D:9      | Noticed a death yak
  1959 | D:10     | Entered Level 10 of the Dungeon
  1960 | D:10     | Noticed a troll
  1977 | D:10     | Reached skill level 7 in Spellcasting
  1977 | D:10     | Reached skill level 4 in Conjurations
  1977 | D:10     | Reached skill level 4 in Hexes
  1977 | D:10     | Reached skill level 4 in Charms
  1977 | D:10     | Reached skill level 4 in Summonings
  1977 | D:10     | Reached skill level 4 in Translocations
  1977 | D:10     | Reached skill level 4 in Transmutations
  1977 | D:10     | Reached skill level 4 in Fire Magic
  1977 | D:10     | Reached skill level 4 in Ice Magic
  1977 | D:10     | Reached skill level 4 in Air Magic
  1977 | D:10     | Reached skill level 4 in Earth Magic
  1977 | D:10     | Reached skill level 4 in Poison Magic
  1977 | D:10     | Reached XP level 10. HP: 49/73 MP: 14/20
  1989 | D:10     | HP: 2/73 [troll (11)]
  1990 | D:10     | Slain by a troll

Vault maps used:
D:1:      shiori_arrival_elements
D:2:      hangedman_decor_push, minmay_octomino_c4, uniq_jessica
D:4:      hex_medium
D:5:      minmay_diamond_boxcup, minmay_temple_entry_mist, serial_shops,
          nicolae_shop_trees, first_ration, corexii_leaking_fountain, uniq_ijyb,
          uniq_eustachio, uniq_duvessa, uniq_menkaure
D:6:      dancing_weapons_uskayaw
D:7:      basic_altar, nicolae_ossuary_entry_catacombs, grunt_ogre_cave
D:8:      grunt_qazlal_sundering
D:9:      dpeg_lair_monsters, uniq_erica
Temple:   compressed_dpeg_circular_temple
Ossuary:  ossuary_tomb_3

Skill      XL: |  1  2  3  4  5  6  7  8  9 |
---------------+----------------------------+-----
Spellcasting   | 5 6 7 |  7.0
Invocations    | 1 2 3 4 5 |  5.3
Fighting       | 1 2 3 4 |  4.8
Short Blades   | 1 2 3 4 |  4.8
Long Blades    | 1 2 3 4 |  4.8
Axes           | 1 2 3 4 |  4.8
Maces & Flails | 1 2 3 4 |  4.8
Polearms       | 1 2 3 4 |  4.8
Staves         | 1 2 3 4 |  4.8
Slings         | 1 2 3 4 |  4.8
Bows           | 1 2 3 4 |  4.8
Crossbows      | 1 2 3 4 |  4.8
Throwing       | 1 2 3 4 |  4.8
Armour         | 1 2 3 4 |  4.8
Shields        | 1 2 3 4 |  4.8
Unarmed Combat | 1 2 3 4 |  4.8
Evocations     | 1 2 3 4 |  4.8
Conjurations   | 1 2 3 4 |  4.0
Hexes          | 1 2 3 4 |  4.0
Charms         | 1 2 3 4 |  4.0
Summonings     | 1 2 3 4 |  4.0
Translocations | 1 2 3 4 |  4.0
Transmutations | 1 2 3 4 |  4.0
Fire Magic     | 1 2 3 4 |  4.0
Ice Magic      | 1 2 3 4 |  4.0
Air Magic      | 1 2 3 4 |  4.0
Earth Magic    | 1 2 3 4 |  4.0
Poison Magic   | 1 2 3 4 |  4.0
Dodging        | 5 6 |  6.7
Stealth        | 5 6 |  6.5
Necromancy     | 8 |  8.2

Action                   |  1- 3 |  4- 6 |  7- 9 | 10-12 || total
-------------------------+-------+-------+-------+-------++-------
Melee: Dagger            |     2 |    23 |    26 |       ||    51
       Club              |     1 |       |       |       ||     1
       Bite              |       |     2 |    15 |       ||    17
       Short sword       |       |       |    18 |       ||    18
       Glaive            |       |       |    87 |     1 ||    88
Throw: Tomahawk          |       |       |     7 |       ||     7
 Cast: Pain              |    16 |    16 |    39 |       ||    71
       Vampiric Draining |       |     3 |     6 |       ||     9
       Animate Skeleton  |       |       |     3 |       ||     3
       Borgnjor's Vile C |       |       |    13 |     1 ||    14
       Regeneration      |       |       |     3 |     1 ||     4
Evoke: Wand              |       |     3 |     9 |       ||    12
  Use: Scroll            |       |     4 |     5 |       ||     9
       Potion            |       |       |       |     1 ||     1
 Stab: Sleeping          |     3 |     6 |     8 |       ||    17
       Paralysed         |       |     3 |    10 |       ||    13
  Eat: Ration            |       |       |     2 |       ||     2
Armor: Robe              |       |     1 |    18 |       ||    19
Dodge: Dodged            |     2 |    16 |   143 |     9 ||   170

Table legend:
 A = Spawn XP
 B = Non-spawn XP
 C = Spawn XP percentage of total XP
 D = Spawn monster count
 E = Non-spawn monster count
 F = Spawn count percentage of total count
 G = Total turns spent on level
                    A         B        C        D         E        F      G
               +---------+---------+-------+---------+---------+-------+---------
         Total |       0 |    5045 |   0.0 |       0 |     103 |   0.0 |  1990
               +---------+---------+-------+---------+---------+-------+---------
           D:1 |       0 |       5 |   0.0 |       0 |       4 |   0.0 |   152
           D:2 |       0 |      67 |   0.0 |       0 |       8 |   0.0 |   176
           D:3 |       0 |      58 |   0.0 |       0 |       9 |   0.0 |   142
           D:4 |       0 |     165 |   0.0 |       0 |       3 |   0.0 |   205
           D:5 |       0 |    1150 |   0.0 |       0 |      18 |   0.0 |   380
           D:6 |       0 |     968 |   0.0 |       0 |      19 |   0.0 |   248
           D:7 |       0 |    1533 |   0.0 |       0 |      18 |   0.0 |   290
           D:8 |       0 |     326 |   0.0 |       0 |       5 |   0.0 |   124
          D:10 |       0 |     588 |   0.0 |       0 |       3 |   0.0 |    31
       Ossuary |       0 |     185 |   0.0 |       0 |      16 |   0.0 |   187
               +---------+---------+-------+---------+---------+-------+---------

Table legend:
 A = Turns spent in this place as a percentage of turns spent in the entire game.
 B = Non-inter-level travel turns spent in this place as a percentage of non-inter-level travel turns spent in the entire game.
 C = Inter-level travel turns spent in this place as a percentage of turns spent in this place.
 D = Turns resting spent in this place as a percentage of non-inter-level travel turns spent in this place.
 E = Turns spent auto-exploring this place as a percentage of non-inter-level travel turns spent in this place.
 F = Non-inter-level travel turns spent in this place divided by the number of levels of this place that you've seen.
                   A       B       C       D       E      F
               +-------+-------+-------+-------+-------+----------------------
         Total | 100.0 | 100.0 |   1.4 |   0.0 |   0.0 | 163.5
       Dungeon |  88.3 |  88.8 |   0.9 |   0.0 |   0.0 | 174.2
        Temple |   2.3 |   1.7 |  28.3 |   0.0 |   0.0 |  33.0
       Ossuary |   9.4 |   9.5 |   0.0 |   0.0 |   0.0 | 187.0
               +-------+-------+-------+-------+-------+----------------------

Table legend:
 A = Kills in this place as a percentage of kills in entire the game.
 B = Kills by you in this place as a percentage of kills by you in the entire game.
 C = Kills by friends in this place as a percentage of kills by friends in the entire game.
 D = Other kills in this place as a percentage of other kills in the entire game.
 E = Experience gained in this place as a percentage of experience gained in the entire game.
 F = Experience gained in this place divided by the number of levels of this place that you have seen.
                   A       B       C       D       E      F
               +-------+-------+-------+-------+-------+----------------------
         Total | 100.0 | 100.0 | 100.0 |   N/A | 100.0 | 420.4
       Dungeon |  84.5 |  84.2 | 100.0 |   N/A |  96.3 | 486.0
       Ossuary |  15.5 |  15.8 |   0.0 |   N/A |   3.7 | 185.0
               +-------+-------+-------+-------+-------+----------------------

Vault maps used:
D:1:      shiori_arrival_elements
D:2:      hangedman_decor_push, minmay_octomino_c4, uniq_jessica
D:4:      hex_medium
D:5:      minmay_diamond_boxcup, minmay_temple_entry_mist, serial_shops,
          nicolae_shop_trees, first_ration, corexii_leaking_fountain, uniq_ijyb,
          uniq_eustachio, uniq_duvessa, uniq_menkaure
D:6:      dancing_weapons_uskayaw
D:7:      basic_altar, nicolae_ossuary_entry_catacombs, grunt_ogre_cave
D:8:      grunt_qazlal_sundering
D:9:      dpeg_lair_monsters, uniq_erica
Temple:   compressed_dpeg_circular_temple
Ossuary:  ossuary_tomb_3
